 Dungeon Crawl Stone Soup version 0.13-b1-17-g3cedf87 (webtiles) character file.

7408 Kae the Conjurer (level 11, -4/55 HPs)
             Began as a Tengu Fire Elementalist on Sept 30, 2013.
             Was an Elder of Vehumet.
             Slain by an unseen horror (5 damage)
             ... on Level 10 of the Dungeon.
             The game lasted 00:38:10 (14530 turns).

Kae the Conjurer (Tengu Fire Elementalist)         Turns: 14530, Time: 00:38:11

HP  -4/55        AC  6     Str  9      XL: 11   Next:  6%
MP  19/28        EV 12     Int 18      God: Vehumet [****..]
Gold 548         SH  8     Dex 15      Spells:  5 memorised, 11 levels left

Res.Fire  : . . .   See Invis. : .   E - +2,+1 dagger (speed)
Res.Cold  : . . .   Warding    : .   n - +2 robe {MR+}
Life Prot.: . . .   Conserve   : .   o - +1 buckler
Res.Poison: .       Res.Corr.  : .   (helmet restricted)
Res.Elec. : .       Clarity    : .   r - +0 cloak
Sust.Abil.: . .     Spirit.Shd : .   u - +0 pair of gloves
Res.Mut.  : .       Stasis     : .   (boots unavailable)
Res.Rott. : .       Flight     : .   (no amulet)
Saprovore : . . .                    B - ring of protection from magic
                                     g - ring of sustenance

@: very resistant to hostile enchantments, fairly stealthy
A: able to fly, beak, horns 1, talons 3, blink 1, blurry vision 1
a: Fly, Blink, Renounce Religion


You were on level 10 of the Dungeon.
You worshipped Vehumet.
Vehumet was greatly pleased with you.
You were hungry.

You visited 2 branches of the dungeon, and saw 11 of its levels.
You also visited: Sewer.

You collected 528 gold pieces.

Inventory:

Hand weapons
 y - a +0,+1 falchion
 E - a +2,+1 dagger of speed (weapon)
Missiles
 m - 25 darts (quivered)
Armour
 a - a +0 robe
 n - a +2 robe of magic resistance (worn)
 o - a +1 buckler (worn)
 r - a +0 cloak (worn)
 u - a +0 pair of gloves (worn)
Magical devices
 d - a wand of slowing (1)
 f - a wand of flame (4)
 q - a wand of slowing (8)
 H - a wand of paralysis (9) {unknown}
Comestibles
 k - 6 meat rations
 A - 4 bread rations
 D - 5 rotting chunks of ogre flesh
 F - an apple
Scrolls
 j - 4 scrolls of magic mapping
 l - 7 scrolls of identify
 p - 2 scrolls of teleportation
 w - 8 scrolls of remove curse
 x - 2 scrolls of enchant armour
 z - a scroll of blinking
 I - a scroll of fear {unknown}
Jewellery
 g - a ring of sustenance (left hand)
 v - an uncursed ring of protection from cold
 B - a ring of protection from magic (right hand)
 G - an uncursed ring of teleportation
Potions
 e - 3 potions of curing
 h - a potion of speed
 i - 3 potions of brilliance
 s - 2 potions of heal wounds {unknown}
 t - 2 potions of agility
Books
 b - a book of Flames

   Spells                             Type                      Level
   *Flame Tongue                      Conjuration/Fire             1
   *Throw Flame                       Conjuration/Fire             2
   *Conjure Flame                     Conjuration/Fire             3
   Inner Flame                        Hexes/Fire                   3
   *Sticky Flame                      Conjuration/Fire             4
   *Fireball                          Conjuration/Fire             5
 c - a book of the Earth

   Spells                             Type                      Level
   Dig                                Earth                        4
   Leda's Liquefaction                Hexes/Earth                  4
   Bolt of Magma                      Conjuration/Fire/Earth       5
   Statue Form                        Transmutation/Earth          6
   Iron Shot                          Conjuration/Earth            6
   Shatter                            Earth                        9


   Skills:
 + Level 0.8 Fighting
 * Level 2.9 Dodging
 - Level 2.0 Stealth
 + Level 8.0 Spellcasting
 - Level 14.0 Conjurations
 + Level 9.6 Fire Magic


You had 11 spell levels left.
You knew the following spells:

 Your Spells              Type           Power        Failure   Level  Hunger
a - Flame Tongue          Conj/Fire      #####        1%          1    None
b - Throw Flame           Conj/Fire      #####.       1%          2    None
c - Conjure Flame         Conj/Fire      #####...     1%          3    #......
d - Sticky Flame          Conj/Fire      #####...     1%          4    ###....
e - Fireball              Conj/Fire      #####.....   1%          5    #####..


Dungeon Overview and Level Annotations

Branches:
Dungeon (10/27)            Temple (1/1) D:5             Orc (0/4) D:8
   Lair: D:8-13

Altars:
Ashenzari
Elyvilon
Fedhas
Kikubaaqudgha
Makhleb
Okawaru
Vehumet

Shops:
D:6 =   D:9 [

Annotations:
D:6 Edmund, Eustachio, Menkaure


Innate Abilities, Weirdness & Mutations

You can fly.
You have a beak for a mouth.
You have claws for feet.
You have a pair of small horns on your head.
You can translocate small distances at will.
Your vision is a little blurry.


Message History

The unseen horror is covered in liquid flames!
You are feeling hungry.
An unseen horror comes into view.
The unseen horror burns!
You block the unseen horror's attack. The unseen horror barely misses you.
The unseen horror hits you!
* * * LOW HITPOINT WARNING * * *
Drink which item? (? for menu, Esc to quit)
You feel better.
The unseen horror burns!
The unseen horror hits you!
* * * LOW HITPOINT WARNING * * *
Casting: Sticky Flame
Confirm with . or Enter, or press ? or * to list all spells.
Aiming: Fireball
Press: ? - help, Shift-Dir - straight line The fireball explodes!
The fireball engulfs the ballistomycete.
You destroy the ballistomycete!
The fireball engulfs the unseen horror.
The unseen horror is heavily wounded.
The unseen horror burns!
The unseen horror hits you.
You die...

.......................(..<
#............###########
#................#
#.......###.####.#
#.......# #.# #.#######
#.>...>.# #.# #.#...... ..
#....§§§# #.# #.#......
#.##...§§§§###(####.#......
#......§.§@§(.)............
#.##....§x§###.#....#......
# ###.f##.# #.#....#######
##.####.)##.###)#....#
.......f.......<.....#
##.####..##.###.#....#
#.####..##.###.#....## ##
....................... ..
#.......##.###.#....## ##


You could see an unseen horror (burning).

Vanquished Creatures
  Joseph (D:7)
  A troll (D:7)
  A komodo dragon (D:7)
  A wraith (D:7)
  2 hippogriffs
  2 hungry ghosts
  2 manticores (D:10)
  A necrophage (D:8)
  A phantom (D:8)
  3 sky beasts
  3 ice beasts
  6 ogres
  5 orc warriors
  A crocodile (Sewer)
  5 centaurs
  Duvessa (D:5)
  A big kobold (D:9)
  Blork the orc (D:9)
  5 giant frogs
  A manticore skeleton (D:9)
  A troll zombie (D:8)
  A yak zombie (D:8)
  2 jellies
  7 wights (D:8)
  Dowan (D:5)
  2 quasits
  A centaur zombie (D:8)
  5 crimson imps
  A two-headed ogre zombie (D:10)
  3 goliath beetles
  7 orc priests
  Crazy Yiuf (D:7)
  3 hounds
  7 worker ants
  A two-headed ogre skeleton (D:10)
  2 scorpions
  14 orc wizards
  4 iguanas
  A sky beast zombie (D:10)
  Jessica (D:2)
  A crocodile skeleton (D:8)
  11 adders
  2 giant centipedes (D:9)
  A goliath beetle zombie (D:7)
  4 worms
  A grey rat (D:6)
  An iguana skeleton (D:8)
  2 giant eyeballs
  9 giant geckos
  48 orcs
  4 giant cockroaches
  19 goblins
  10 hobgoblins
  2 quokkas
  2 ball pythons
  24 bats
  A giant gecko zombie (D:8)
  3 giant newts
  2 giant spores (D:10)
  A gnoll skeleton (D:8)
  A goblin skeleton (D:4)
  A jackal skeleton (D:9)
  19 kobolds
  3 kobold zombies
  19 rats
  4 ballistomycetes (D:10)
  A fungus (D:7)
305 creatures vanquished.

Vanquished Creatures (others)
  2 orcs (D:10)
  A bat (D:10)
  A giant spore (D:10)
  A ballistomycete (D:10)
5 creatures vanquished.

Grand Total: 310 creatures vanquished

Notes
Turn   | Place    | Note
--------------------------------------------------------------
     0 | D:1      | Kae, the Tengu Fire Elementalist, began the quest for the Orb.
     0 | D:1      | Reached XP level 1. HP: 10/10 MP: 3/3
   149 | D:1      | Reached XP level 2. HP: 15/15 MP: 0/5
   850 | D:2      | Noticed Jessica
   854 | D:2      | Killed Jessica
   854 | D:2      | Reached XP level 3. HP: 10/19 MP: 1/7
  1268 | D:2      | Learned a level 2 spell: Throw Flame
  1424 | D:2      | Reached XP level 4. HP: 24/24 MP: 6/8
  1672 | D:3      | Learned a level 3 spell: Conjure Flame
  2353 | D:4      | Noticed an ice beast
  2472 | D:4      | Killed an ice beast
  2472 | D:4      | Reached skill level 4 in Conjurations
  2472 | D:4      | Reached XP level 5. HP: 22/28 MP: 0/12
  2615 | D:4      | Found an ancient bone altar of Kikubaaqudgha.
  3084 | D:5      | Entered Level 5 of the Dungeon
  3084 | D:5      | Noticed a centaur
  3091 | D:5      | Killed a centaur
  3091 | D:5      | Reached skill level 5 in Conjurations
  3091 | D:5      | Reached XP level 6. HP: 26/32 MP: 10/14
  3122 | D:5      | Learned a level 4 spell: Sticky Flame
  3146 | D:5      | Found a staircase to the Ecumenical Temple.
  3417 | D:5      | Reached skill level 6 in Conjurations
  3593 | D:5      | Noticed a sky beast
  3601 | D:5      | Reached XP level 7. HP: 18/36 MP: 9/16
  3755 | D:5      | Killed a sky beast
  3755 | D:5      | Reached skill level 7 in Conjurations
  3755 | D:5      | Reached skill level 5 in Fire Magic
  3936 | D:5      | Paralysed by a giant eyeball for 3 turns
  4044 | Temple   | Entered the Ecumenical Temple
  4202 | Temple   | Became a worshipper of Vehumet
  4295 | D:5      | Noticed Duvessa
  4295 | D:5      | Noticed Dowan
  4403 | D:5      | Noticed a centaur
  4474 | D:4      | Gained mutation: Your vision is a little blurry. [potion of mutation]
  4474 | D:4      | Gained mutation: You can translocate small distances at will. [potion of mutation]
  4474 | D:4      | Gained mutation: You have a pair of small horns on your head. [potion of mutation]
  5014 | D:5      | Reached skill level 8 in Conjurations
  5231 | D:5      | Killed Duvessa
  5231 | D:5      | Reached XP level 8. HP: 31/41 MP: 3/20
  5240 | D:5      | Noticed a hungry ghost
  5274 | D:5      | Killed a hungry ghost
  5451 | D:5      | Killed Dowan
  5834 | D:5      | Reached skill level 9 in Conjurations
  5918 | D:5      | Killed a centaur
  6179 | D:6      | Noticed Edmund
  6421 | D:6      | Found a glowing drain.
  6424 | D:6      | Acquired Vehumet's first power
  6424 | D:6      | Offered knowledge of Sandblast by Vehumet.
  6434 | Sewer    | Entered a sewer
  6753 | D:6      | Found Yrphetal's Jewellery Shoppe.
  6785 | D:6      | Noticed Eustachio
  6858 | D:6      | Reached skill level 5 in Spellcasting
  6858 | D:6      | Reached skill level 10 in Conjurations
  6906 | D:6      | Noticed Menkaure
  6935 | D:7      | Noticed Joseph
  6944 | D:7      | Killed Joseph
  6944 | D:7      | Reached XP level 9. HP: 18/45 MP: 12/22
  7182 | D:7      | Reached skill level 11 in Conjurations
  7208 | D:7      | Noticed a komodo dragon
  7280 | D:7      | Noticed a troll
  7284 | D:7      | Killed a troll
  7386 | D:7      | Learned a level 5 spell: Fireball
  7416 | D:7      | HP: 2/45 [komodo dragon (26)]
  7417 | D:7      | Killed a komodo dragon
  8134 | D:7      | Found a blossoming altar of Fedhas.
  8309 | D:7      | Reached skill level 12 in Conjurations
  8394 | D:7      | Offered knowledge of Searing Ray by Vehumet.
  9034 | D:7      | Reached XP level 10. HP: 50/50 MP: 18/24
  9098 | D:7      | Noticed Crazy Yiuf
  9109 | D:7      | Killed Crazy Yiuf
  9519 | D:8      | Offered knowledge of Mephitic Cloud by Vehumet.
  9701 | D:8      | Acquired Vehumet's second power
  9762 | D:8      | Found a staircase to the Orcish Mines.
  9832 | D:8      | Reached skill level 13 in Conjurations
 10282 | D:8      | Offered knowledge of Airstrike by Vehumet.
 11044 | D:8      | Acquired Vehumet's third power
 11212 | D:8      | Offered knowledge of Force Lance by Vehumet.
 12876 | D:9      | Noticed Blork the orc
 12906 | D:9      | Killed Blork the orc
 13236 | D:9      | Found Diosh's Armour Emporium.
 13262 | D:9      | Found a white marble altar of Elyvilon.
 13262 | D:9      | Found a shattered altar of Ashenzari.
 13378 | D:10     | Entered Level 10 of the Dungeon
 13868 | D:10     | Reached skill level 14 in Conjurations
 13926 | D:10     | Reached XP level 11. HP: 54/54 MP: 12/28
 14528 | D:10     | Noticed an unseen horror
 14528 | D:10     | HP: 2/55 [unseen horror (10)]
 14530 | D:10     | Slain by an unseen horror

Action                   |  1- 3 |  4- 6 |  7- 9 | 10-12 || total
-------------------------+-------+-------+-------+-------++-------
Melee: Unarmed           |    49 |     3 |       |       ||    52
       Falchion          |       |     4 |    58 |       ||    62
       Dagger            |       |       |    39 |   111 ||   150
Throw: Dart              |       |       |       |     3 ||     3
 Cast: Flame Tongue      |    40 |    64 |   200 |   351 ||   655
       Conjure Flame     |       |     2 |     9 |    17 ||    28
       Throw Flame       |       |     8 |     6 |    44 ||    58
       Sticky Flame      |       |       |    18 |    21 ||    39
       Fireball          |       |       |     1 |     8 ||     9
 Abil: Blink             |       |       |     1 |       ||     1
Evoke: Wand              |       |       |       |     2 ||     2
  Use: Scroll            |       |       |    17 |     7 ||    24
       Potion            |       |       |     8 |     3 ||    11
 Stab: Sleeping          |       |     1 |       |       ||     1
